 Dungeon Crawl Stone Soup version 0.21.1-1-g345015f (webtiles) character file.

67 inc the Ducker (level 3, 0/15 HPs)
             Began as a Felid Transmuter on Mar 14, 2018.
             Slain by an adder (2 damage)
             ... on level 3 of the Dungeon.
             The game lasted 00:02:17 (2424 turns).

inc the Ducker (Felid Transmuter)                   Turns: 2424, Time: 00:02:17

Health: 0/15       AC:  1    Str:  6    XL:     3   Next: 98%
Magic:  7/7        EV: 20    Int: 14    God:
Gold:   60         SH:  0    Dex: 17    Spells: 0/6 levels left
                                        Lives:  0   Deaths: 0

rFire    . . .     SeeInvis +     - Unarmed
rCold    . . .     Gourm    .   (shield unavailable)
rNeg     + . .     Faith    .   (armour unavailable)
rPois    .         Spirit   .   (helmet unavailable)
rElec    .         Reflect  .   (cloak unavailable)
rCorr    .         Harm     .   (gloves unavailable)
MR       .....                  (boots unavailable)
Stlth    ++........             e - amulet of rage
HPRegen  0.05/turn              d - ring of positive energy
MPRegen  0.10/turn              (no ring)

@: lethally poisoned (0 -> -7), flying, quick
A: very small, no armour, no weapons or thrown items, stealth, claws 1, fangs 3,
see invisible, carnivore, speed 1, shaggy fur 1, slow metabolism 1, sharp paws
a: Evoke Berserk Rage


You were on level 3 of the Dungeon.
You were hungry.

You visited 1 branch of the dungeon, and saw 3 of its levels.

You collected 60 gold pieces.

Inventory:

Missiles
 a - 31 arrows
Jewellery
 d - a ring of positive energy (left paw)
 e - an amulet of rage (around neck)
Scrolls
 f - 3 scrolls of magic mapping {unknown}
 g - 3 scrolls of blinking {unknown}
 i - a scroll of amnesia {unknown}
 j - a scroll of identify {unknown}
 k - 2 scrolls of enchant weapon {unknown}
 l - a scroll of remove curse {unknown}
Potions
 h - a potion of curing {unknown}
 m - a potion of flight
Books
 b - a book of Changes

   Spells                             Type                      Level
   a - Beastly Appendage              Transmutation                1
   b - Sticks to Snakes               Transmutation                2
   c - Spider Form                    Transmutation/Poison         3
   d - Ice Form                       Ice/Transmutation            4
   e - Blade Hands                    Transmutation                5
Comestibles
 c - 2 rations


   Skills:
 - Level 1.0 Fighting
 - Level 4.4 Dodging
 - Level 3.0 Unarmed Combat
 - Level 2.0 Spellcasting
 + Level 3.6 Transmutations


You couldn't memorise any spells.
You knew the following spells:

 Your Spells              Type           Power        Failure   Level  Hunger
a - Beastly Appendage     Tmut           ##....       5%          1    ##.....
b - Sticks to Snakes      Tmut           ##......     8%          2    ###....
c - Spider Form           Tmut/Pois      #.........   32%         3    ####...


Dungeon Overview and Level Annotations

Branches:
Dungeon (3/15)

Altars:

Annotations:
D:2 1 runed door


Innate Abilities, Weirdness & Mutations

You cannot wear armour.
You are incapable of wielding weapons or throwing items.
Your paws allow you to move quietly. (Stealth)
You have sharp claws.
You have razor-sharp teeth.
You have supernaturally acute eyesight. (SInv)
You are carnivorous and can eat meat at any time.
You cover ground quickly.
You are covered in fur. (AC +1)
You have a slow metabolism.
Your sharp claws are effective at attacking unaware monsters.


Message History

An adder comes into view.
The adder completely misses you.
A rat comes into view.
You miss the adder. The adder misses you.
You barely miss the adder. The adder bites you.
You are lethally poisoned!
The adder poisons you!
You are too injured to fight recklessly!
You are too injured to fight recklessly!
There is a lethal amount of poison in your body!
You feel sick.
Things that are here:
a short sword; 3 stones You feel sick.
The adder bites you.
* * * LOW HITPOINT WARNING * * *
It was a potion of flight.
You feel very buoyant.
You fly up into the air.
The adder bites you.
You die...

.....
##...#####
##.....#..#
.#........#
...$......#
........).+
.........r#
.........S#
###.....#@#
##...##<#
##+#
#.......#
#########


You could see an adder and a rat.

Vanquished Creatures
  A hound skeleton (D:2)
  An adder (D:2)
  A dart slug (D:1)
  A leopard gecko (D:2)
  A ball python (D:1)
  3 bats (D:1)
  5 goblins
  8 hobgoblins
  2 jackals (D:1)
  2 frilled lizards
  9 kobolds
  6 rats
40 creatures vanquished.

Notes
Turn   | Place    | Note
-------+----------+-------------------------------------------
     0 | D:1      | inc the Felid Transmuter began the quest for the Orb.
     0 | D:1      | Reached XP level 1. HP: 9/9 MP: 4/4
    34 | D:1      | Reached skill level 3 in Dodging
   304 | D:1      | Reached XP level 2. HP: 4/12 MP: 4/6
  1424 | D:2      | Reached XP level 3. HP: 15/15 MP: 7/7
  1454 | D:2      | Reached skill level 4 in Dodging
  1697 | D:2      | Learned a level 2 spell: Sticks to Snakes
  1701 | D:2      | Learned a level 3 spell: Spider Form
  2229 | D:2      | Found a runed door.
  2424 | D:3      | Slain by an adder

Skill      XL: |  1  2  3 |
---------------+----------+-----
Dodging        | 3 4 |  4.4
Transmutations | 3 |  3.6
Fighting       | |  1.0
Unarmed Combat | |  3.0
Spellcasting   | |  2.0

Action                   || total
-------------------------++-------
Melee: Unarmed           ||   133
       Headbutt          ||     4
       Bite              ||     9
 Cast: Beastly Appendage ||     6
  Use: Potion            ||     1
 Stab: Sleeping          ||     4
  Eat: Chunk             ||     1
Armor: Skin              ||     4
Dodge: Dodged            ||    99
